 Dungeon Crawl Stone Soup version 0.19.3-4-gbf9329e (webtiles) character file.

53 Alarkh the Ruffian (level 3, -2/31 HPs)
             Began as a Ghoul Monk on Jan 28, 2017.
             Slain by a gnoll
             ... wielding a +0 club
              (11 damage)
             ... on level 2 of the Dungeon.
             The game lasted 00:01:28 (1020 turns).

Alarkh the Ruffian (Ghoul Monk)                     Turns: 1020, Time: 00:01:28

Health: -2/31      AC:  3    Str: 14    XL:     3   Next: 87%
Magic:  2/2        EV: 18    Int: 10    God:
Gold:   63         SH:  0    Dex: 16    Spells: 0 memorised, 2 levels left

rFire  . . .     SeeInvis .       - Unarmed
rCold  + . .     Gourm    .     a - +0 robe
rNeg   + + +     Faith    .     (no shield)
rPois  ∞         Spirit   .     m - +0 helmet
rElec  .         Reflect  .     (no cloak)
rCorr  .         Harm     .     (no gloves)
MR     .....                    (no boots)
Stlth  +++.......               (no amulet)
                                (no ring)
                                c - +4 ring of intelligence

@: agile, rotting
A: rotting body, claws 1, carnivore 3, cold resistance 1, negative energy
resistance 3, slow regeneration 1, torment resistance, unbreathing
a: no special abilities


You were on level 2 of the Dungeon.
You were not hungry.

You visited 1 branch of the dungeon, and saw 2 of its levels.

You collected 63 gold pieces.

Inventory:

Armour
 a - a +0 robe (worn)
 m - a +0 helmet (worn)
Jewellery
 c - a +4 ring of intelligence (left claw)
Scrolls
 d - a scroll of teleportation {unknown}
 h - a scroll of immolation {unknown}
 i - a scroll of magic mapping {unknown}
 k - a scroll of noise {unknown}
 n - a scroll of recharging {unknown}
Potions
 e - a potion of heal wounds {unknown}
 g - a potion of lignification
 l - a potion of agility
 o - a potion of degeneration {unknown}
 p - a potion of magic {unknown}
Comestibles
 b - a meat ration
 f - 13 chunks of flesh
 j - a beef jerky


   Skills:
 - Level 3.2 Fighting
 - Level 2.6 Dodging
 - Level 2.1 Stealth
 + Level 5.1 Unarmed Combat


You had 2 spell levels left.
You didn't know any spells.

Dungeon Overview and Level Annotations

Branches:
Dungeon (2/15)

Altars:


Innate Abilities, Weirdness & Mutations

Your body is rotting away.
You thrive on raw meat.
You are immune to poison.
You have sharp fingernails.
You are carnivorous and can eat meat at any time.
Your flesh is cold resistant. (rC+)
You are immune to negative energy. (rN+++)
You regenerate slowly when monsters are visible.
You are immune to unholy pain and torment.
You can survive without breathing.


Message History

You are too injured to fight recklessly!
It was a potion of lignification.
You feel woody for a moment. The gnoll misses you.
It was a potion of agility.
You feel agile all of a sudden. The gnoll closely misses you.
You scratch the gnoll.
You kill the gnoll!
Your Unarmed Combat skill increases to level 5!
The gnoll completely misses you.
You barely miss the gnoll. The gnoll misses you.
The gnoll completely misses you.
You scratch the gnoll.
The gnoll is lightly wounded.
The gnoll hits you from afar with a spear.
* * * LOW HITPOINT WARNING * * *
You closely miss the gnoll.
The gnoll is lightly wounded.
The gnoll hits you with a club!
You die...

#........#####
.....#........#
### #........#
#........#
#÷...##.##
#.#### .# #.# #
#.########.##
#...gg@.)...#
........$...?#
###.########.#
# .# .# .# .#


You could see 2 gnolls.

Vanquished Creatures
  A gnoll (D:2)
  An adder (D:2)
  A ball python (D:2)
  4 goblins
  7 hobgoblins
  2 jackals (D:2)
  6 kobolds
  3 bats
  A frilled lizard (D:2)
  6 rats
32 creatures vanquished.

Notes
Turn   | Place    | Note
-------+----------+-------------------------------------------
     0 | D:1      | Alarkh the Ghoul Monk began the quest for the Orb.
     0 | D:1      | Reached XP level 1. HP: 19/19 MP: 0/0
     2 | D:1      | Noticed an octopode
     4 | D:1      | Noticed a draconian
     4 | D:1      | Noticed a demigod
     6 | D:1      | Noticed a vampire
     6 | D:1      | Noticed a gargoyle
     8 | D:1      | Noticed an elf
     8 | D:1      | Noticed a human
    10 | D:1      | Noticed a dwarf
    10 | D:1      | Noticed a ghoul
    12 | D:1      | Noticed a felid
    14 | D:1      | Noticed a formicid
    16 | D:1      | Noticed a merfolk
    16 | D:1      | Noticed an ogre
    18 | D:1      | Noticed a spriggan
    18 | D:1      | Noticed a vine stalker
    20 | D:1      | Noticed a demonspawn
    20 | D:1      | Noticed a tengu
    22 | D:1      | Noticed a naga
    22 | D:1      | Noticed a centaur
    24 | D:1      | Noticed a minotaur
    26 | D:1      | Noticed a halfling
    26 | D:1      | Noticed a troll
   224 | D:1      | Reached XP level 2. HP: 2/25 MP: 1/1
   297 | D:1      | Reached skill level 4 in Unarmed Combat
   774 | D:2      | Reached XP level 3. HP: 27/31 MP: 2/2
  1017 | D:2      | Reached skill level 5 in Unarmed Combat
  1020 | D:2      | Slain by a gnoll

Skill      XL: |  1  2  3 |
---------------+----------+-----
Unarmed Combat | 4 5 |  5.1
Fighting       | |  3.2
Dodging        | |  2.6
Stealth        | |  2.1

Action                   || total
-------------------------++-------
Melee: Unarmed           ||    91
       Punch             ||     2
  Use: Potion            ||     2
 Stab: Sleeping          ||     3
  Eat: Chunk             ||     5
Armor: Robe              ||    10
Dodge: Dodged            ||    44
